 Dungeon Crawl Stone Soup version 0.25.1-8-g42b30a86e7 (console) character file.

Game seed: 7331370810977924623

44342 thromnambular the Nimble (level 13, -6/65 HPs)
             Began as a Felid Enchanter on Dec 21, 2020.
             Was a High Priest of Sif Muna.
             Mangled by a demonic crawler (10 damage)
             ... on level 3 of the Lair of Beasts on Dec 22, 2020.
             The game lasted 03:08:00 (40726 turns).

thromnambular the Nimble (Felid Enchanter)         Turns: 40726, Time: 03:08:01

Health: -6/65      AC:  3    Str: 10    XL:     13   Next: 95%
Magic:  23/26      EV: 31    Int: 21    God:    Sif Muna [*****.]
Gold:   1587       SH:  0    Dex: 20    Spells: 3/28 levels left
                                        Lives:  0   Deaths: 4

rFire    . . .     SeeInvis +     - Unarmed
rCold    + . .     Gourm    .   (shield unavailable)
rNeg     . . .     Faith    +   (armour unavailable)
rPois    .         Spirit   .   (helmet unavailable)
rElec    .         Reflect  .   (cloak unavailable)
rCorr    .         Harm     .   (gloves unavailable)
MR       ++...                  (boots unavailable)
Stlth    ++++++....             v - amulet "Becyan" {Faith Dex+3}
HPRegen  0.20/turn              F - ring of wizardry
MPRegen  0.20/turn              s - ring "Imutan Pal" {+Inv MR+ Str+6}

@: very slightly contaminated, quick
A: very small, no armour, no weapons or thrown items, stealth, claws 1, fangs 3,
see invisible, carnivore, speed 1, shaggy fur 3, slow metabolism 1, sharp paws
a: Channel Magic, Forget Spell, Divine Exegesis, Renounce Religion, Evoke
Invisibility


You were on level 3 of the Lair of Beasts.
You worshipped Sif Muna.
Sif Muna was extremely pleased with you.
You were very full.

You visited 6 branches of the dungeon, and saw 26 of its levels.

You collected 2238 gold pieces.
You spent 651 gold pieces at shops.

Inventory:

Jewellery
 f - an uncursed ring of protection from magic
 m - an uncursed ring of flight
 n - an uncursed ring of poison resistance
 p - an uncursed amulet of the acrobat
 s - the ring "Imutan Pal" (right paw) {+Inv MR+ Str+6}
   (You acquired it on level 8 of the Dungeon)

   [ring of strength]

   It affects your strength (+6).
   It affects your resistance to hostile enchantments.
   It lets you turn invisible.
 v - the amulet "Becyan" (around neck) {Faith Dex+3}
   (You acquired it on level 9 of the Dungeon)

   [amulet of faith]

   It allows you to gain divine favour quickly.
   It affects your dexterity (+3).
 z - an uncursed amulet of regeneration {unknown}
 C - an uncursed ring of positive energy
 D - a +4 ring of protection
 F - a ring of wizardry (left paw)
 G - an uncursed ring of protection from cold
Wands
 h - a wand of digging (8)
 q - a wand of disintegration (39)
 x - a wand of enslavement (20)
 A - a wand of flame (39)
 B - a wand of iceblast (16)
Scrolls
 d - 5 scrolls of immolation
 e - 4 scrolls of magic mapping
 g - 3 scrolls of teleportation
 j - 6 scrolls of remove curse
 y - 3 scrolls of fog
 L - 2 scrolls of identify
Potions
 a - a potion of flight
 c - a potion of cancellation
 i - 8 potions of curing
 k - 5 potions of haste
 l - 3 potions of mutation
 o - 2 potions of lignification
 r - a potion of brilliance
 t - 4 potions of might
 u - a potion of berserk rage
 w - 3 potions of magic
 H - a potion of ambrosia
 I - a potion of heal wounds
 J - 4 potions of resistance
Miscellaneous
 K - a phial of floods (inert)
Comestibles
 b - 45 rations
 E - a chunk of flesh


   Skills:
 + Level 12.3 Fighting
 - Level 14.1 Dodging
 + Level 11.7 Stealth
 + Level 11.7 Unarmed Combat
 + Level 8.4 Spellcasting
 - Level 4.2 Conjurations
 - Level 11.0 Hexes
 - Level 3.0 Translocations
   Level 3.4 Transmutations
 - Level 7.0 Ice Magic
 - Level 3.0 Invocations


You had 3 spell levels left.
You knew the following spells:

 Your Spells              Type           Power        Failure   Level  Hunger
a - Freeze                Ice            ####         1%          1    None
b - Ensorcelled Hibernat  Hex/Ice        #####.       1%          2    None
c - Confusing Touch       Hex            ######..     1%          3    None
d - Tukima's Dance        Hex            ######..     1%          3    None
e - Summon Butterflies    Summ           #.......     3%          1    None
f - Frozen Ramparts       Ice            #####.       1%          3    None
g - Hailstorm             Conj/Ice       ####....     3%          4    ###....
h - Invisibility          Hex            ######..     5%          6    ######.
B - Blink                 Tloc           N/A          1%          2    None

Your spell library contained the following spells:

 Spells                   Type           Power        Failure   Level  Hunger
 Apportation              Tloc           ###...       1%          1    None
 Corona                   Hex            ######.      1%          1    None
 Foxfire                  Conj/Fire      ###.         1%          1    None
 Magic Dart               Conj           ####         1%          1    None
 Shock                    Conj/Air       ###.         1%          1    None
 Sting                    Tmut/Pois      ###.         1%          1    None
 Searing Ray              Conj           ####..       1%          2    None
 Slow                     Hex            ######..     1%          2    None
 Dazzling Flash           Conj/Hex       #####.       1%          3    None
 Inner Flame              Hex/Fire       ####....     1%          3    None
 Summon Guardian Golem    Hex/Summ       ####....     1%          3    None
 Shroud of Golubria       Chrm/Tloc      ###...       2%          2    None
 Gell's Gravitas          Tloc           ###.......   2%          3    None
 Lesser Beckoning         Tloc           ###.......   2%          3    None
 Ozocubu's Armour         Chrm/Ice       ###.....     2%          3    None
 Teleport Other           Tloc           ###.....     2%          3    None
 Animate Skeleton         Necr           N/A          3%          1    None
 Pain                     Necr           #...         3%          1    None
 Summon Small Mammal      Summ           #...         3%          1    None
 Call Imp                 Summ           #.......     4%          2    None
 Corpse Rot               Necr/Air       N/A          4%          2    None
 Poisonous Vapours        Pois/Air       #.....       4%          2    None
 Swiftness                Chrm/Air       #.......     4%          2    None
 Conjure Flame            Conj/Fire      ###.....     4%          3    None
 Spider Form              Tmut/Pois      ###.......   4%          3    None
 Static Discharge         Conj/Air       ###.....     4%          3    None
 Mephitic Cloud           Conj/Pois/Air  ##......     5%          3    None
 Ignite Poison            Fire/Tmut/Pois ##......     6%          3    None
 Vampiric Draining        Necr           #.........   9%          3    None
 Fulminant Prism          Conj/Hex       #####.....   1%          4    ###....
 Metabolic Englaciation   Hex/Ice        #####.....   2%          5    #####..
 Ice Form                 Ice/Tmut       ####....     3%          4    ###....
 Darkness                 Hex            ######....   5%          6    ######.
 Iskenderun's Mystic Bla  Conj/Tloc      ###.....     7%          4    ###....
 Summon Ice Beast         Ice/Summ       ###.....     8%          4    ###....
 Passage of Golubria      Tloc           N/A          9%          4    ###....
 Silence                  Hex/Air        ####......   9%          5    #####..
 Ozocubu's Refrigeration  Ice            #####.....   26%         6    ######.
 Airstrike                Air            #.........   28%         4    ###....
 Animate Dead             Necr           N/A          28%         4    ###....
 Summon Lightning Spire   Summ/Air       #.......     28%         4    ###....
 Iskenderun's Battlesphe  Conj/Chrm      ###.....     32%         5    #####..
 Lightning Bolt           Conj/Air       ###.......   32%         5    #####..
 Alistair's Intoxication  Tmut/Pois      ###.....     38%         5    #####..
 Bolt of Magma            Conj/Fire/Erth ##........   41%         5    #####..
 Agony                    Necr           #.......     61%         5    #####..
 Borgnjor's Vile Clutch   Necr/Erth      #.........   61%         5    #####..
 Freezing Cloud           Conj/Ice/Air   ###.......   65%         6    ######.
 Conjure Ball Lightning   Conj/Air       ###.......   86%         6    ######.
 Iron Shot                Conj/Erth      ###.......   86%         6    ######.
 Discord                  Hex            ######....   89%         8    #######
 Shadow Creatures         Summ           N/A          98%         6    ######.
 Orb of Destruction       Conj           ####......   98%         7    #######
 Ring of Flames           Chrm/Fire      #.........   100%        7    #######
 Spellforged Servitor     Conj/Summ      ###.......   100%        7    #######
 Summon Greater Demon     Summ           #.........   100%        7    #######
 Ignition                 Fire           #.........   100%        8    #######


Dungeon Overview and Level Annotations

Branches:
Dungeon (15/15)            Temple (1/1) D:4            Lair (6/6) D:9
  Swamp (1/4) Lair:2       Spider (1/4) Lair:3        Slime (0/5) Lair:5
    Orc (2/2) D:11            Elf (0/3) Orc:2        Vaults (0/5) D:14
 Depths: D:15

Altars:
Ashenzari
Dithmenos
Elyvilon
Fedhas
Hepliaklqana
Kikubaaqudgha
Makhleb
Nemelex Xobeh
Okawaru
Qazlal
Ru
Sif Muna
Trog
Vehumet
Wu Jian
Xom
Yredelemnul
Zin
The Shining One
Beogh

Shops:
D:5 !   D:8 (   D:12 [!   Orc:2 [[!=

Annotations:
D:9 2 transporters
D:15 exclusion: orange crystal statue
Lair:1 1 runed translucent door, Gadfly's ghost, journeyman DEVM
Lair:2 Gastronok
Lair:4 1 runed translucent door, exclusion: door
Abyss:1 Sonja


Innate Abilities, Weirdness & Mutations

You cannot wear armour.
You are incapable of wielding weapons or throwing items.
Your paws allow you to move quietly. (Stealth)
You have sharp claws.
You have razor-sharp teeth.
You have supernaturally acute eyesight. (SInv)
You are carnivorous and can eat meat at any time.
You cover ground quickly.
Your thick and shaggy fur keeps you warm. (AC +3, rC+)
You have a slow metabolism.
Your sharp claws are effective at attacking unaware monsters.


Message History

* * * LOW HITPOINT WARNING * * *
The demonic crawler closely misses you.
A redback comes into view.
The redback moves out of view.
There is a crawl-hole back to the Lair here.
The demonic crawler misses you. The demonic crawler hits you.
* * * LOW HITPOINT WARNING * * *
The demonic crawler hits you.
* * * LOW HITPOINT WARNING * * *
You climb upwards.
Welcome back to the Lair of Beasts!
You flicker for a moment.
Your paws stop glowing.
There is a hole to the Spider Nest here.
Casting: Confusing Touch (safe; 1% risk of failure)
Confirm with . or Enter, or press ? or * to list all spells.
You blink.
You flicker back into view.
There is a stone staircase leading up here.
The demonic crawler completely misses you.
The demonic crawler closely misses you. The demonic crawler hits you!
You die...

.^^.^^>...^^#.# #.........#
...^.^^.^^...####.........#
...^.^^...^..##...........##
#.^...^^....##.#..≈≈.......#
#...........###.≈≈≈≈≈.....##
....^.^^....##.≈≈≈≈≈≈≈≈...#
....####...###≈.≈≈≈≈≈≈≈...##
.................≈≈≈≈≈≈....#
..^............s@.≈≈≈≈≈...###
.................≈≈≈≈≈≈.....#
##...#..#.##....≈≈≈≈≈≈≈...P##
#######P###..#.#..≈≈≈≈....##
# ####^#.#####.≈......## #
###..# #.........#
#####.######.......##
####.#.#.##.# #........#
#...........# ##......##


You could see a demonic crawler.

Vanquished Creatures
  An orc warlord (Orc:2)
  Azrael (D:12)
  An ettin (Orc:2)
  Josephine (D:13)
  A vault guard (D:14)
  3 hydras (Swamp:1)
  2 centaur warriors
  An ogre mage (D:14)
  5 two-headed ogres
  A tengu warrior (D:13)
  4 orc high priests (Orc:2)
  2 unseen horrors
  Pikel (D:6)
  4 orc knights (Orc:2)
  5 orc sorcerers
  2 deep elf magi (D:15)
  2 manticores (D:13)
  A cyclops (D:13)
  7 ugly things
  A black mamba (Lair:5)
  Maurice (D:9)
  8 spiny frogs
  A gargoyle (D:14)
  4 kobold demonologists
  2 komodo dragons
  A tengu conjurer (D:13)
  12 trolls
  A wind drake (shapeshifter) (D:14)
  3 meliai (D:15)
  Grinder (D:5)
  14 blink frogs
  4 hornets
  3 dream sheep (Lair:5)
  10 slime creatures
  9 hippogriffs
  3 vampires
  3 wraiths
  4 redbacks (Spider:1)
  3 wyverns
  12 yaks
  3 tarantellas (Spider:1)
  2 fire elementals (D:12)
  A basilisk (Lair:3)
  A steam dragon (D:11)
  A hungry ghost (D:15)
  7 vampire mosquitoes
  3 wargs (Orc:2)
  8 swamp worms
  2 acid dragons (D:13)
  7 porcupines
  9 water moccasins
  A soldier ant (D:12)
  2 hell hounds (D:12)
  A swamp drake (Swamp:1)
  An ice beast (D:6)
  36 orc warriors
  6 sky beasts
  A meliai simulacrum (D:14)
  2 black bears
  2 phantoms
  2 necrophages
  10 wolves
  4 boggarts (D:15)
  8 centaurs
  23 ogres
  10 crocodiles
  4 big kobolds
  Blork the orc (D:5)
  A gnoll sergeant (D:6)
  16 bullfrogs
  A wyvern skeleton (D:11)
  11 scorpions
  5 killer bees
  5 wights
  A howler monkey (D:11)
  3 electric eels
  3 bullfrog zombies
  4 crimson imps
  7 jellies
  2 centaur zombies
  2 bullfrog skeletons
  30 orc priests
  6 hounds
  33 orc wizards
  4 centaur skeletons
  6 iguanas
  7 worker ants
  A killer bee zombie (D:5)
  A hound zombie (D:5)
  3 hound skeletons
  2 worker ant zombies
  6 gnolls
  A howler monkey skeleton (D:4)
  9 adders
  3 shadow imps
  7 oozes
  An adder skeleton (D:5)
  4 worms
  A dart slug (D:1)
  3 leopard geckos
  142 orcs
  9 bats
  6 giant cockroaches
  9 goblins
  13 hobgoblins
  15 jackals
  15 kobolds
  4 quokkas
  2 ball pythons
  4 frilled lizards
  A quokka skeleton (D:5)
  10 rats
722 creatures vanquished.

Vanquished Creatures (collateral kills)
  2 dream sheep (Lair:5)
  2 wights (D:7)
  An orc (D:11)
5 creatures vanquished.

Vanquished Creatures (others)
  3 dancing weapons
  A hell hound (D:12)
  A slave (D:6)
  A scorpion (D:5)
  A hound (D:6)
  An orc wizard (D:5)
  A worker ant (D:5)
  An adder (D:5)
  An ooze (D:6)
  A leopard gecko (D:5)
  3 orcs
  A rat (D:1)
  4 fungi
  A plant (D:12)
21 creatures vanquished.

Grand Total: 748 creatures vanquished

Notes
Turn   | Place    | Note
-------+----------+-------------------------------------------
     0 | D:1      | thromnambular the Felid Enchanter began the quest for the
                  | Orb.
     0 | D:1      | Reached XP level 1. HP: 7/7 MP: 4/4
   652 | D:1      | Reached XP level 2. HP: 11/11 MP: 6/6
   656 | D:1      | Learned a level 2 spell: Ensorcelled Hibernation
  1154 | D:1      | Reached XP level 3. HP: 11/14 MP: 0/7
  1607 | D:2      | Learned a level 3 spell: Confusing Touch
  1633 | D:2      | Reached skill level 1 in Ice Magic
  1763 | D:2      | Found a shattered altar of Ashenzari.
  1973 | D:2      | Reached skill level 5 in Stealth
  2673 | D:3      | Reached XP level 4. HP: 18/18 MP: 2/8
  2751 | D:3      | Reached skill level 5 in Hexes
  3034 | D:3      | Found a hazy altar of Hepliaklqana.
  3090 | D:3      | Reached skill level 3 in Dodging
  3333 | D:3      | Reached skill level 1 in Fighting
  3432 | D:3      | Reached XP level 5. HP: 22/22 MP: 4/9
  4806 | D:3      | Learned a level 3 spell: Tukima's Dance
  4839 | D:4      | Found a staircase to the Ecumenical Temple.
  4925 | D:4      | Gained mutation: You are covered in thick fur. (AC +2)
                  | [Felid growth]
  4925 | D:4      | Reached XP level 6. HP: 26/26 MP: 7/11
  5602 | D:4      | Reached skill level 4 in Dodging
  5898 | D:4      | Learned a level 1 spell: Freeze
  6236 | D:4      | Found a burning altar of Makhleb.
  6236 | D:4      | Found an iron altar of Okawaru.
  6236 | D:4      | Found a white marble altar of Elyvilon.
  6236 | D:4      | Found an ornate altar of the Wu Jian Council.
  6781 | D:5      | Entered Level 5 of the Dungeon
  6949 | D:5      | HP: 1/27 [centaur (9)]
  6953 | D:5      | Slain by a centaur
  6954 | D:5      | Reached XP level 5. HP: -5/23 MP: 6/10
  6965 | D:5      | Killed a centaur
  6965 | D:5      | Reached XP level 6. HP: 7/27 MP: 6/11
  7245 | D:5      | Found a shimmering altar of Xom.
  7247 | D:5      | Noticed a hungry ghost
  7504 | D:5      | Reached skill level 5 in Dodging
  7780 | D:5      | Reached XP level 7. HP: 24/31 MP: 9/12
  7781 | D:5      | Found a sparkling altar of Nemelex Xobeh.
  7955 | D:5      | Noticed Grinder
  7966 | D:5      | Killed Grinder
  7966 | D:5      | Reached skill level 6 in Dodging
  8008 | D:5      | Found Waruav's Distillery.
  8014 | D:5      | Bought a potion of heal wounds for 75 gold pieces
  8014 | D:5      | Bought a potion of haste for 150 gold pieces
  8089 | D:5      | Found a sacrificial altar of Ru.
  8190 | D:5      | Noticed Blork the orc
  8385 | D:5      | Killed Blork the orc
  8572 | D:6      | Slain by an ice beast
  8573 | D:6      | Reached XP level 6. HP: -2/28 MP: 9/11
  8640 | D:6      | Reached XP level 7. HP: 26/32 MP: 9/12
  8721 | D:6      | Noticed a hornet
  9002 | D:6      | Noticed Pikel
  9095 | D:6      | Found a bloodstained altar of Trog.
  9129 | D:6      | Reached skill level 5 in Unarmed Combat
  9308 | D:6      | Killed Pikel
  9308 | D:6      | Reached skill level 5 in Fighting
  9308 | D:6      | Reached skill level 7 in Dodging
  9308 | D:6      | Reached XP level 8. HP: 20/37 MP: 7/13
 10066 | D:6      | Killed a hornet
 10939 | D:7      | Learned a level 3 spell: Frozen Ramparts
 10996 | D:7      | Reached skill level 8 in Dodging
 11281 | D:7      | Reached XP level 9. HP: 20/41 MP: 3/14
 12610 | Temple   | Entered the Ecumenical Temple
 12734 | Temple   | Became a worshipper of Sif Muna the Loreminder
 13151 | D:8      | Identified a scroll of acquirement
 13151 | D:8      | Acquired the ring "Imutan Pal" {+Inv MR+ Str+6}
 13367 | D:8      | Found a blossoming altar of Fedhas.
 13369 | D:8      | Found an ancient bone altar of Kikubaaqudgha.
 13784 | D:8      | Found Oguinab's Weapon Shoppe.
 13830 | D:8      | Acquired a book of Dreams
 13837 | D:8      | Noticed a two-headed ogre
 14359 | D:9      | Acquired a book of Necromancy
 14361 | D:9      | Acquired the amulet "Becyan" {Faith Dex+3}
 14539 | D:9      | Noticed Maurice
 14565 | D:9      | Killed Maurice
 14713 | D:9      | Reached * piety under Sif Muna
 14798 | D:9      | Found a roughly hewn altar of Beogh.
 14798 | D:9      | Found a transporter.
 14843 | D:9      | Found a staircase to the Lair.
 14887 | D:9      | Reached XP level 10. HP: 47/47 MP: 16/16
 15186 | D:9      | Found a transporter.
 15297 | Lair:1   | Entered Level 1 of the Lair of Beasts
 15619 | Lair:1   | Found a runed translucent door.
 15620 | Lair:1   | Noticed Gadfly's ghost (journeyman DEVM)
 16173 | Lair:2   | Noticed a spiny frog
 16182 | Lair:2   | Noticed Gastronok
 16514 | Lair:2   | Found a staircase to the Swamp.
 16515 | Lair:2   | Reached skill level 5 in Ice Magic
 16890 | Lair:2   | Learned a level 4 spell: Hailstorm
 17171 | Lair:2   | Reached skill level 1 in Conjurations
 17234 | Lair:2   | Killed a spiny frog
 17295 | Lair:2   | Noticed a spiny frog
 17338 | Lair:2   | Killed a spiny frog
 17338 | Lair:2   | Reached skill level 10 in Stealth
 17398 | Lair:2   | Reached ** piety under Sif Muna
 17398 | Lair:2   | Reached XP level 11. HP: 26/51 MP: 7/18
 18095 | Lair:3   | Reached skill level 9 in Dodging
 18179 | Lair:3   | Found a hole to the Spider Nest.
 18431 | Lair:3   | HP: 1/52 [blink frog (17)]
 18962 | Lair:3   | Noticed Sonja
 18969 | Lair:3   | Banished Sonja
 19549 | Lair:4   | Noticed a death yak
 19569 | Lair:4   | Learned a level 2 spell: Blink
 19577 | Lair:4   | Noticed a death yak
 19860 | Lair:4   | Noticed a death yak
 19880 | Lair:4   | Noticed a death yak
 21131 | Lair:3   | Reached skill level 10 in Dodging
 21247 | Lair:4   | Reached skill level 1 in Translocations
 21362 | Lair:4   | Found a runed translucent door.
 21687 | Lair:4   | Noticed a five-headed hydra
 21766 | Lair:5   | Found a staircase to the Slime Pits.
 21857 | Lair:5   | Demolished by a dream sheep
 21857 | Lair:5   | Reached *** piety under Sif Muna
 21858 | Lair:5   | Reached XP level 10. HP: 1/49 MP: 17/17
 22164 | Lair:5   | Reached XP level 11. HP: 40/53 MP: 13/18
 22437 | Lair:5   | Found the +10 dark maul {vorpal}
 22527 | Lair:5   | Reached skill level 10 in Unarmed Combat
 22832 | Lair:6   | Entered Level 6 of the Lair of Beasts
 22832 | Lair:6   | Noticed a death yak
 22832 | Lair:6   | Noticed a death yak
 22832 | Lair:6   | Noticed a death yak
 23200 | D:10     | Entered Level 10 of the Dungeon
 23653 | D:10     | Found a blossoming altar of Fedhas.
 23668 | D:10     | Reached **** piety under Sif Muna
 24101 | D:10     | Reached skill level 11 in Dodging
 24177 | D:10     | Reached skill level 10 in Fighting
 24322 | D:10     | Noticed an unseen horror
 24329 | D:10     | Killed an unseen horror
 24456 | D:11     | Noticed a two-headed ogre
 24571 | D:11     | Killed a two-headed ogre
 24571 | D:11     | Reached skill level 5 in Spellcasting
 24815 | D:11     | Reached ***** piety under Sif Muna
 25016 | D:11     | Identified Sif Muna's Volume of Supportive Execration (Sif
                  | Muna gifted it to you on level 11 of the Dungeon)
 25016 | D:11     | Received a gift from Sif Muna
 25053 | D:11     | Learned a level 1 spell: Summon Butterflies
 25109 | D:11     | Found a staircase to the Orcish Mines.
 25889 | Orc:1    | Entered Level 1 of the Orcish Mines
 26030 | Orc:2    | Entered Level 2 of the Orcish Mines
 26459 | Orc:2    | Noticed a two-headed ogre
 26463 | Orc:2    | Killed a two-headed ogre
 26463 | Orc:2    | Reached skill level 12 in Dodging
 26463 | Orc:2    | Gained mutation: Your thick and shaggy fur keeps you warm.
                  | (AC +3, rC+) [Felid growth]
 26463 | Orc:2    | Reached XP level 12. HP: 58/58 MP: 18/21
 26524 | Orc:2    | Identified Sif Muna's Papyrus of the Virous Volcanoes (Sif
                  | Muna gifted it to you on level 2 of the Orcish Mines)
 26524 | Orc:2    | Received a gift from Sif Muna
 26530 | Orc:2    | Learned a level 3 spell: Spider Form
 26812 | Orc:2    | Found a roughly hewn altar of Beogh.
 26873 | Orc:2    | Reached skill level 1 in Transmutations
 27054 | Orc:2    | Found Kaigu's Jewellery Emporium.
 27109 | Orc:2    | Found Ciaptuopp's Distillery.
 27122 | Orc:2    | Bought a potion of heal wounds for 70 gold pieces
 27122 | Orc:2    | Bought a potion of resistance for 140 gold pieces
 27414 | Orc:2    | Noticed an orc high priest
 27841 | Orc:2    | Noticed an ettin
 27845 | Orc:2    | Killed an ettin
 27852 | Orc:2    | Acquired the Handbook of the Icy Birds
 27931 | Orc:2    | Noticed an orc high priest
 27992 | Orc:2    | Noticed an orc warlord
 28427 | Orc:1    | Identified Sif Muna's Tome of Ignition and Feathers (Sif
                  | Muna gifted it to you on level 1 of the Orcish Mines)
 28427 | Orc:1    | Received a gift from Sif Muna
 29567 | Orc:2    | Noticed a two-headed ogre
 29811 | Orc:2    | Killed a two-headed ogre
 30015 | D:11     | Learned a level 6 spell: Invisibility
 30096 | D:12     | Found Ciffan's Distillery.
 30099 | D:12     | Bought a potion of heal wounds for 60 gold pieces
 30099 | D:12     | Bought a potion of heal wounds for 60 gold pieces
 30099 | D:12     | Bought a potion of invisibility for 96 gold pieces
 30104 | D:12     | Noticed a centaur warrior
 30132 | D:12     | Killed a centaur warrior
 30512 | D:12     | Noticed Azrael
 31016 | D:12     | Found Boost's Antique Armour Emporium.
 31444 | D:12     | Reached XP level 13. HP: 63/63 MP: 2/24
 31450 | D:12     | Killed Azrael
 31691 | D:13     | Identified Idomoh's Grimoire of Battle Magic (Sif Muna
                  | gifted it to you on level 13 of the Dungeon)
 31691 | D:13     | Received a gift from Sif Muna
 32282 | D:13     | Noticed Josephine
 32323 | D:13     | Killed Josephine
 32676 | D:13     | Reached skill level 10 in Hexes
 33122 | D:14     | Found a stormy altar of Qazlal.
 33144 | D:14     | HP: 1/63 [meliai simulacrum (6)]
 33144 | D:14     | Slain by a meliai simulacrum
 33145 | D:14     | Reached XP level 12. HP: -2/60 MP: 4/23
 33659 | D:14     | Noticed a two-headed ogre
 33661 | D:14     | Noticed an ogre mage
 33671 | D:14     | Killed a two-headed ogre
 33843 | D:14     | Killed an ogre mage
 34097 | D:14     | Identified Sif Muna's Almanac of Air and Beguiling (Sif
                  | Muna gifted it to you on level 14 of the Dungeon)
 34097 | D:14     | Received a gift from Sif Muna
 34107 | D:14     | Reached skill level 1 in Invocations
 34304 | D:14     | Reached skill level 13 in Dodging
 34611 | D:14     | Found a gate to the Vaults.
 34611 | D:14     | Noticed a vault guard
 34626 | D:14     | Killed a vault guard
 34806 | D:15     | Entered Level 15 of the Dungeon
 34867 | D:15     | Noticed a centaur warrior
 34893 | D:15     | Killed a centaur warrior
 34893 | D:15     | Reached XP level 13. HP: 63/63 MP: 13/25
 35635 | D:15     | HP: 3/63 [meliai/divine providence (15)]
 37915 | Orc:2    | Found a roughly hewn altar of Beogh.
 38075 | Orc:2    | Found a staircase to the Elven Halls.
 38312 | Orc:2    | Received a gift from Sif Muna
 38555 | Orc:2    | Killed an orc warlord
 39037 | Orc:2    | Found Bifoelacs's Armour Shop.
 39123 | Orc:2    | Reached skill level 14 in Dodging
 39282 | Orc:2    | Found Keupit Qaha's Armour Boutique.
 39982 | Swamp:1  | Entered Level 1 of the Swamp
 40088 | Swamp:1  | HP: 2/64 [swamp worm/harpoon shot (18)]
 40548 | Spider:1 | Entered Level 1 of the Spider Nest
 40715 | Spider:1 | HP: 3/65 [demonic crawler (2)]
 40726 | Lair:3   | Mangled by a demonic crawler

Illustrated notes

Levels and vault maps discovered:
D:1:      kilobyte_arrival_exit_the_forest, layout_rooms, minivault_25,
          minmay_split_cup_large
D:2:      layout_loops_ring, first_ration, ashenzari_altar_1
D:3:      layout_rooms, nicolae_overflow_hidden_temple
D:4:      layout_rooms, chequers_temple_overflow_statue_of_worship,
          minmay_temple_entry_offerings, minmay_misc_feat_room,
          patterned_corridor
D:5:      layout_loops_ring, marbit_many_paths, xom_confusion_cloud,
          serial_shops, shop, minmay_misc_feat_more_columns,
          nicolae_ru_sacrificial_ziggurat, uniq_blork_the_orc, uniq_grinder
D:6:      layout_gridville, lemuel_crystal_altar, uniq_pikel
D:7:      layout_basic
D:8:      layout_loops_cross, grunt_temple_overflow_growth_and_decay,
          serial_shops, shop
D:9:      gammafunk_beogh_shrine, layout_basic, lair_entry_dummy, uniq_maurice
D:10:     layout_long_grid, basic_altar
D:11:     layout_basic, orc_0_dummy, serial_curves, eino_curves_02,
          eino_curves_02
D:12:     layout_basic, serial_shops, nicolae_shop_behind_doors,
          nicolae_shop_overgrown_old_shop, uniq_azrael
D:13:     layout_rooms, uniq_josephine
D:14:     layout_long_grid, david_vaults_5, wad_floor_pattern_2,
          hangedman_little_slice_of_home, nicolae_qazlal_style_of_elements
D:15:     grunt_enter_depths_hoard, layout_irregular_city,
          minmay_protected_statue
Temple:   minmay_temple_forest_path
Lair:1:   layout_chaotic_city, hellmonk_ghost_happy_afterlife,
          hibernation_bobbens
Lair:2:   layout_long_grid, nicolae_swamp_entry_splash_gauntlet,
          guppyfry_lair_drakes, lemuel_fruit_fields, lemuel_fruit_fields,
          uniq_gastronok
Lair:3:   layout_big_grid, spider_nest_entry_web_field, minivault_25,
          st_stairs_13, infiniplex_staircase_pool, grunt_megastairs_3,
          serial_bayou_shore_b, uniq_sonja
Lair:4:   layout_hall_layers, pf_torpor_hydra, infiniplex_staircase_pool_2,
          lemuel_fruit_tree
Lair:5:   layout_roguey, slime_dummy
Lair:6:   gammafunk_lair_ancient_temple, layout_loops_ring,
          chequers_serial_rivers_large_b, chequers_serial_rivers_micro_e,
          chequers_serial_rivers_micro_b
Swamp:1:  layout_basic_swamp, serial_swamp_ruin, evilmike_swamp_ruin_rubble_2,
          evilmike_swamp_ruin_house_1
Spider:1: layout_spider_delve, nicolae_spider_webs_and_nodes,
          guppyfry_spider_mini_2, uniq_jorgrun, uniq_rupert
Orc:1:    layout_diamond_mine, nicolae_orc_sculptors_studio
Orc:2:    pubby_orc_utopia

Skill      XL: |  1  2  3  4  5  6  7  8  9 10 11 12 13 |
---------------+----------------------------------------+-----
Ice Magic      | 1 2 3 4 5 7 6 |  7.0
Unarmed Combat | 2 3 4 5 6 7 8 10 11 | 11.7
Stealth        | 5 6 8 10 11 | 11.7
Hexes          | 5 7 8 11 | 11.0
Dodging        | 3 5 7 8 12 13 14 | 14.1
Fighting       | 1 4 5 7 8 10 11 12 | 12.3
Spellcasting   | 3 4 5 7 8 |  8.4
Conjurations   | 2 4 |  4.2
Translocations | 3 2 |  3.0
Transmutations | 3 |  3.4
Invocations    | 2 3 |  3.0

Action                   |  1- 3 |  4- 6 |  7- 9 | 10-12 | 13-15 || total
-------------------------+-------+-------+-------+-------+-------++-------
Melee: Unarmed           |    90 |   197 |   235 |   497 |   248 ||  1267
       Bite              |     5 |    15 |    23 |    42 |    22 ||   107
       Punch             |       |       |     7 |    17 |    15 ||    39
 Cast: Corona            |     5 |     2 |     4 |     1 |       ||    12
       Ensorcelled Hiber |    31 |    88 |    72 |   264 |    58 ||   513
       Confusing Touch   |       |    11 |    25 |    25 |    21 ||    82
       Freeze            |       |    18 |       |       |       ||    18
       Frozen Ramparts   |       |       |     5 |    30 |    12 ||    47
       Tukima's Dance    |       |       |    12 |    10 |     2 ||    24
       Hailstorm         |       |       |       |    63 |    64 ||   127
       Summon Butterflie |       |       |       |     8 |     6 ||    14
       Invisibility      |       |       |       |     3 |    19 ||    22
       Blink             |       |       |       |     2 |     7 ||     9
       Spider Form       |       |       |       |     1 |       ||     1
Evoke: Wand              |       |       |     4 |    10 |     4 ||    18
       Phial of floods   |       |       |       |       |     1 ||     1
  Use: Scroll            |     3 |     6 |    13 |    17 |    12 ||    51
       Potion            |       |     2 |     4 |     3 |     7 ||    16
 Stab: Sleeping          |    30 |    63 |    55 |   211 |    53 ||   412
       Confused          |       |     8 |    15 |    20 |    14 ||    57
       Distracted        |       |       |     1 |     1 |     3 ||     5
       Invisible         |       |       |       |       |    15 ||    15
  Eat: Chunk             |    13 |    20 |    25 |    52 |    28 ||   138
       Ration            |       |     1 |       |       |       ||     1
Armor: Skin              |     3 |    10 |    10 |     6 |     9 ||    38
Dodge: Dodged            |    92 |   194 |   192 |   487 |   378 ||  1343
